 Dungeon Crawl Stone Soup version 0.31-a0-237-g2d982f9f85 (webtiles) character file.

Game seed: 79776117409581982

403 qw the Shooter (level 6, -2/56 HPs)
             Began as a Minotaur Hexslinger on July 11, 2023.
             Killed by nerve-wracking pain
             ... invoked by a shadow imp
             ... summoned by Eustachio
              (14 damage)
             ... on level 3 of the Dungeon.
             The game lasted 00:01:17 (2678 turns).

qw the Shooter (Minotaur Hexslinger)                Turns: 2678, Time: 00:01:18

Health: -2/56      AC:  3    Str: 12      XL:     6   Next: 55%
Magic:  6/6        EV: 12    Int: 10      God:
Gold:   268        SH:  0    Dex: 17 (21) Spells: 6/7 levels left

rFire   + . .        Y - +2 sling
rCold   + + .        (no shield)
rNeg    . . .        g - +0 robe {rC+ rF+}
rPois   .            (helmet restricted)
rElec   .            (no cloak)
rCorr   .            (no gloves)
SInv    .            h - +0 pair of boots
Will    .....        (no amulet)
Stlth   ++           j - ring of protection from cold
HPRegen 0.29/turn    l - +6 ring of dexterity
MPRegen 0.10/turn

%: no passive effects
@: about to teleport
A: horns 2, retaliatory headbutt
a: no special abilities


You were on level 3 of the Dungeon.
You visited 1 branch of the dungeon, and saw 4 of its levels.

You collected 268 gold pieces.


Innate Abilities, Weirdness & Mutations

You have a pair of horns on your head.
You reflexively headbutt those who attack you in melee.


   Skills:
 - Level 5.0 Fighting
 + Level 6.0 Ranged Weapons
 - Level 1.5 Armour
 - Level 2.1 Dodging
 - Level 1.0 Spellcasting
 - Level 2.0 Hexes


You had 6 spell levels left.
You knew the following spells:

 Your Spells              Type           Power      Damage    Failure   Level
a - Slow                  Hex            16%        N/A       16%         1

Your spell library contained the following spells:

 Spells                   Type           Power      Damage    Failure   Level
 Inner Flame              Hex/Fire       2%         N/A       56%         3
 Portal Projectile        Hex/Tloc       4%         N/A       56%         3
 Cause Fear               Hex            2%         N/A       83%         4

Inventory:

Hand Weapons
 Y - a +2 sling (weapon)
Armour
 g - a +0 robe of resistance (worn)
 h - a +0 pair of boots (worn)
 n - a +0 ring mail
Jewellery
 a - a ring of positive energy
 j - a ring of protection from cold (left hand)
 l - a +6 ring of dexterity (right hand)
Scrolls
 b - a scroll of identify
Potions
 c - a potion of enlightenment
 d - a potion of lignification {unknown}
 e - 2 potions of curing
 i - a potion of mutation {unknown}
 k - a potion of resistance {unknown}
 m - a potion of heal wounds {unknown}

Dungeon Overview and Level Annotations

Branches:
Dungeon (4/15)
 Temple: D:4-7

Altars:
Hepliaklqana
Kikubaaqudgha

Portals:
Abyss: D:4

Annotations:
D:3 Eustachio
D:4 qw's ghost, amateur GrHs


Message History

The river rat bites you.
You shoot a sling bullet. The sling bullet hits the river rat.
You kill the river rat!
The river rat's corpse disappears in a puff of smoke!
The bat closely misses you.
You shoot a sling bullet.
The sling bullet closely misses Eustachio.
The bat closely misses you. You furiously retaliate!
You headbutt the bat.
You kill the bat!
The bat's corpse disappears in a puff of smoke!
Eustachio hits you with a +2 rapier of holy wrath!
You shoot a sling bullet. The sling bullet hits Eustachio.
Eustachio is severely wounded.
Eustachio casts a spell.
You shoot a sling bullet.
The sling bullet hits Eustachio but does no damage.
Eustachio is severely wounded.
Eustachio mumbles some strange words.
The shadow imp misses you.
You shoot a sling bullet.
The sling bullet barely misses Eustachio.
Eustachio hits you with a +2 rapier of holy wrath.
The quokka splashes around in the water.
The shadow imp hits you.
You shoot a sling bullet. The sling bullet hits Eustachio.
Eustachio is almost dead.
The shadow imp hits you but does no damage.
Eustachio splashes around in the water.
The quokka barely misses you. You furiously retaliate!
You headbutt the quokka.
The shadow imp hits you but does no damage.
The river rat bites you!
2678 ||| READING scroll of teleportation.
As you read the scroll of teleportation, it crumbles to dust.
You feel strangely unstable. The quokka closely misses you.
You furiously retaliate!
You headbutt the quokka.
You kill the quokka!
The quokka's corpse disappears in a puff of smoke!
The shadow imp gestures at you. Pain shoots through your body!
You die...

#.#.##..........#######'####.#
#.#.##....>.....# #......#
..#.##?.........# ########
..#.............#####
#.#.##..........##~.##
..#.##..........##77~##
###.##........).#~~~P.#
....##.....7.~P.5r777.#
#########.~~.~~@@..P..#
#~~P.P~ยค5.....# #
#7~~~.~~~7.....# #
#P~~P.P~~7.....# #
#~~~~.~~~7.....# #
#7P~~.~P~7.....# #
7~P~.P77......# #
#~~~.~7~......# ##
#~~~.~7~......#


You could see Eustachio, a river rat (summoned) and 2 shadow imps.

Vanquished Creatures
  Sigmund (D:3)
  A hound (D:2)
  Jessica (D:3)
  Natasha (twice) (D:3)
  5 adders
  4 worms
  A dart slug (D:3)
  10 ball pythons
  6 bats
  6 endoplasms
  3 giant cockroaches
  7 goblins
  4 hobgoblins
  8 jackals
  5 kobolds
  3 quokkas
  3 frilled lizards
  15 rats
85 creatures vanquished.

Notes
Turn   | Place    | Note
-------+----------+-------------------------------------------
     0 | D:1      | qw the Minotaur Hexslinger began the quest for the Orb.
     0 | D:1      | Reached XP level 1. HP: 16/16 MP: 1/1
     0 | D:1      | 0 ||| qw: Version: 0.3-a-52-g30416fa
     0 | D:1      | 0 ||| qw: Game counter: 5505
     0 | D:1      | 0 ||| qw: Melee chars always use a shield: true
     0 | D:1      | 0 ||| qw: God list: Okawaru
     0 | D:1      | 0 ||| qw: Allow faded altars: false
     0 | D:1      | 0 ||| qw: Do Orc after clearing Dungeon:15 true
     0 | D:1      | 0 ||| qw: Do second Lair branch before Depths: true
     0 | D:1      | 0 ||| qw: Lair rune preference: random
     0 | D:1      | 0 ||| qw: Goals: Normal
     0 | D:1      | 0 ||| PLANNING D:1-11
   115 | D:1      | Reached skill level 3 in Ranged Weapons
   172 | D:1      | Reached XP level 2. HP: 23/23 MP: 2/2
   224 | D:1      | HP: 5/24 [quokka (4)]
   620 | D:1      | 620 ||| UPGRADING to +0 pair of boots.
   625 | D:1      | 625 ||| UPGRADING to +0 ring mail.
   635 | D:1      | 635 ||| DROPPING +0 robe.
   636 | D:1      | 636 ||| UPGRADING to ring of protection from cold.
   637 | D:1      | 637 ||| UPGRADING to +6 ring of dexterity.
   638 | D:1      | 638 ||| READING scroll labelled MAMEBO QUFF.
   639 | D:1      | 639 ||| READING scroll labelled ROMADE GUOHIAD.
   640 | D:1      | 640 ||| READING scroll labelled LISEUFIDYPP.
   741 | D:1      | 741 ||| READING scroll labelled XOUKOH UXAOPS.
   742 | D:1      | 742 ||| READING scroll labelled OLYACOT IZIBE.
   743 | D:1      | 743 ||| DRINKING 2 fizzy cyan potions.
   744 | D:1      | 744 ||| DROPPING scroll of poison.
   820 | D:2      | Reached XP level 3. HP: 29/29 MP: 3/3
   918 | D:2      | Reached skill level 4 in Ranged Weapons
   952 | D:2      | Reached skill level 1 in Armour
   952 | D:2      | Reached XP level 4. HP: 21/36 MP: 4/4
   969 | D:2      | 969 ||| FLEEEEING.
  1452 | D:2      | 1452 ||| READING scroll labelled VOUTOO XILUI.
  1453 | D:2      | 1453 ||| READING scroll labelled POENTYUMUD.
  1454 | D:2      | 1454 ||| READING scroll labelled MUBBEO ZIOLL.
  1469 | D:3      | Reached skill level 5 in Ranged Weapons
  1506 | D:3      | Found an ancient bone altar of Kikubaaqudgha.
  1596 | D:3      | Noticed Sigmund
  1604 | D:3      | Killed Sigmund
  1605 | D:3      | Reached XP level 5. HP: 29/48 MP: 5/5
  1605 | D:3      | Reached XP level 6. HP: 34/56 MP: 6/6
  1722 | D:3      | Found a hazy altar of Hepliaklqana.
  1977 | D:3      | Noticed Natasha
  1986 | D:3      | Killed Natasha
  2132 | D:3      | Noticed Natasha
  2137 | D:3      | Killed Natasha
  2181 | D:3      | Noticed Jessica
  2184 | D:3      | Killed Jessica
  2356 | D:3      | 2356 ||| UPGRADING to +0 robe of resistance.
  2366 | D:3      | 2366 ||| READING scroll labelled MAFORHEFFO.
  2367 | D:3      | 2367 ||| READING scroll labelled SUESTR BITWASE.
  2459 | D:3      | 2459 ||| READING 2 scrolls of identify.
  2459 | D:3      | 2459 ||| IDENTIFYING red potion
  2518 | D:4      | Reached skill level 6 in Ranged Weapons
  2523 | D:4      | Found a one-way gate to the infinite horrors of the Abyss.
  2523 | D:4      | Noticed qw's ghost (amateur GrHs)
  2528 | D:4      | Noticed Eustachio
  2557 | D:4      | 2557 ||| FLEEEEING.
  2558 | D:4      | 2558 ||| FLEEEEING.
  2559 | D:4      | 2559 ||| FLEEEEING.
  2560 | D:4      | 2560 ||| FLEEEEING.
  2561 | D:4      | 2561 ||| FLEEEEING.
  2562 | D:4      | 2562 ||| FLEEEEING.
  2563 | D:4      | 2563 ||| FLEEEEING.
  2566 | D:4      | 2566 ||| FLEEEEING.
  2567 | D:4      | 2567 ||| FLEEEEING.
  2568 | D:4      | 2568 ||| FLEEEEING.
  2572 | D:4      | 2572 ||| FLEEEEING.
  2573 | D:4      | 2573 ||| FLEEEEING.
  2574 | D:4      | 2574 ||| FLEEEEING.
  2575 | D:4      | 2575 ||| FLEEEEING.
  2576 | D:4      | 2576 ||| FLEEEEING.
  2577 | D:4      | 2577 ||| FLEEEEING.
  2578 | D:4      | 2578 ||| FLEEEEING.
  2579 | D:4      | 2579 ||| FLEEEEING.
  2580 | D:4      | 2580 ||| STAIRDANCE
  2658 | D:4      | 2658 ||| STAIRDANCE
  2677 | D:3      | HP: 12/56 [river rat[Eustachio] (8)]
  2678 | D:3      | 2678 ||| READING scroll of teleportation.
  2678 | D:3      | Killed from afar by a shadow imp

Levels and vault maps discovered:
D:1:      minmay_arrival_shattered_statue, layout_rooms, minmay_tall_x
D:2:      layout_basic, solitary_fountain, minmay_rat_gold_closets
D:3:      layout_basic, lemuel_crystal_altar,
          mainiacjoe_overflow_six_doors_small, serial_bayou,
          serial_bayou_pond_d, serial_bayou_pond_d, serial_bayou_lagoon_a,
          serial_bayou_lagoon_b, uniq_jessica, uniq_natasha, uniq_sigmund
D:4:      layout_cave_pods, lemuel_doored_altar,
          minmay_temple_entry_statues_fountains, gammafunk_ghost_abyssal_escape,
          uniq_blork_the_orc, uniq_eustachio

Skill      XL: |  1  2  3  4  5  6 |
---------------+-------------------+-----
Ranged Weapons | 3 4 5 6 |  6.0
Fighting       | 2 5 |  5.0
Armour         | 1 |  1.5
Dodging        | |  2.1
Spellcasting   | |  1.0
Hexes          | |  2.0

Action                     |  1- 3 |  4- 6 || total
---------------------------+-------+-------++-------
   Fire: Sling             |   105 |   173 ||   278
    Use: Scroll            |     5 |     7 ||    12
         Potion            |     1 |       ||     1
 Armour: Robe              |     1 |    27 ||    28
         Ring mail         |    10 |     6 ||    16
  Dodge: Dodged            |    34 |    82 ||   116

Table legend:
 A = Non-vault XP
 B = Vault XP
 C = Vault XP percentage of total XP
 D = Non-vault monster count
 E = Vault monster count
 F = Vault count percentage of total count
                 A         B        C        D         E       F
            +---------+---------+-------+---------+---------+-------
      Total |     267 |     310 |  53.7 |      71 |      14 |  16.5
            +---------+---------+-------+---------+---------+-------
        D:1 |      33 |       5 |  13.2 |      20 |       4 |  16.7
        D:2 |     121 |       7 |   5.5 |      26 |       7 |  21.2
        D:3 |      87 |     298 |  77.4 |      23 |       3 |  11.5
        D:4 |      26 |       0 |   0.0 |       2 |       0 |   0.0
            +---------+---------+-------+---------+---------+-------
